Description

PvZ Based off of the infamous Proxy Void Ray rush. Great for people who are good at the proxy void ray rush. Made for LOTV. WIP When warpgate completes start spawning zealots at proxy. Timings for placing gateways are not perfected yet.

Build Order

Get SALT Encoding   

  14  0:18  Pylon  
  15  0:36  Gateway  Send this probe to proxy
  16  0:44  Assimilator  
  16  0:50  Assimilator  
  18  1:05  Forge  
  19  1:24  Cybernetics Core  
  20  1:32  Zealot  Wall off, put unit on hold.
  20  1:42  Protoss Ground Weapons Level 1  Research at forge
  21  1:56  Pylon  Proxy
  22  2:03  Pylon  
  23  2:08  Warp Gate (Chrono Boost)  Research at Cybernetics Core
  23  2:15  Twilight Council  Research Chargealot after completion
  23  2:40  Gateway  proxy, warp-in takes 3.6 seconds if placed beside pylon
  23  2:48  Gateway  
  24  2:52  Charge (Chrono Boost)  Research at Twilight Council
  25  3:19  Gateway  
  25  3:22  Protoss Ground Weapons Level 2 (Chrono Boost)  
  25  3:45  Pylon  
  25  5:05  Action  Attack with 12 zealots, warp-in more zealots while attacking.
Spawning Tool Build Advisor. Get it on Overwolf

Go to:

Details

  • Created by: MegaMech
  • Published on: Jan 15, 2018
  • Modified on: Jan 16, 2018
  • Patch: 4.0.0
Show
View Real Time Build Order
Export as new Build Order

Comments (1)

On Feb. 19, 2018, 12:58 a.m., Stantheman  said:

This build lets you build up a lot of gas, so I also supplement it with building a templar archives and after the first wave of zealots i also send some archons.

no losses so far, even against many banes - cause of the archons :)

Create an account to comment!